AoeStats
← hightower_208

Fortress

509073033Analyzed
2v2 RM · 6d ago on Sep 25, 2026· 37m 48s· 4 players
Game mode
Random Map
Map size
Normal (6 player)
Population
200
Speed
Normal
Resources
Standard
Victory
Conquest
Starting age
Dark Age
Ending age
Imperial Age
RankedLock teamsTeams togetherTeam positionsShared explorationLock speedFull tech treeHidden civsTurbo modeCheats
Victory
Defeat
🇩🇪 Varangians · Germany
1688
+4
🇩🇪 Britons · Germany
1671
+5
🇨🇳 Khmer · China
1371
-5
🇨🇦 Spanish · Canada
1354
-4
76561199473437114
0:45 Loom
8:11 Feudal Age
12:06 Castle Age
10:58 Double-Bit Axe
11:11 Town Watch
12:43 Scale Barding Armor
17:50 Forging
20:33 Bow Saw
22:21 Chain Barding Armor
21:53 Horse Collar
22:12 Gold Mining
23:28 Fletching
33:43 Imperial Age
33:28 Wheelbarrow
33:54 Elite Ballista Elephant
38:23 Iron Casting
Jaha
7:17 Feudal Age
10:54 Castle Age
8:51 Double-Bit Axe
9:21 Horse Collar
11:50 Heavy Plow
17:52 Husbandry
18:00 Town Watch
19:32 Scale Barding Armor
21:04 Chain Barding Armor
21:06 Forging
21:58 Sanctity
21:54 Fervor
21:59 Bloodlines
21:46 Loom
21:55 Gold Mining
24:51 Iron Casting
30:01 Imperial Age
30:12 Cavalier
31:45 Plate Barding Armor
32:25 Wheelbarrow
34:12 Blast Furnace
35:58 Conscription
35:59 Supremacy
37:12 Chemistry
36:53 Inquisition
37:27 Paladin
hightower_208
0:38 Loom
7:05 Feudal Age
10:45 Castle Age
8:38 Horse Collar
10:05 Double-Bit Axe
11:30 Loom
14:37 Wheelbarrow
14:15 Town Watch
15:33 Scale Barding Armor
16:14 Bloodlines
19:22 Husbandry
20:53 Chain Barding Armor
23:06 Hand Cart
23:42 Forging
27:59 Vendel Legacy
30:08 Iron Casting
34:35 Imperial Age
34:37 Cavalier
35:54 Plate Barding Armor
36:27 Blast Furnace
Mjoelnir
6:58 Feudal Age
10:48 Castle Age
9:07 Double-Bit Axe
9:18 Horse Collar
9:56 Fletching
11:36 Bodkin Arrow
13:43 Padded Archer Armor
16:02 Loom
16:19 Padded Archer Armor
17:39 Wheelbarrow
21:37 Bow Saw
22:38 Ballistics
22:19 Stone Mining
22:21 Gold Mining
26:57 Imperial Age
26:31 Leather Archer Armor
27:09 Elite Longbowman
28:32 Bracer
30:09 Chemistry
30:30 Ring Archer Armor
32:29 Conscription
32:41 Yeomen
33:57 Coinage
34:03 Masonry
34:53 Hoardings
Connection lost

Rejoining the realm…

Still unreachable

The connection could not be restored.

Session expired

The server has moved on; the page needs a fresh start.